 Dungeon Crawl Stone Soup version 0.20-a0-738-gb057e68 (webtiles) character file.

26 Gorglomux the Skirmisher (level 3, -8/31 HPs)
             Began as a Hill Orc Abyssal Knight on Feb 23, 2017.
             Was a Believer of Lugonu.
             Engulfed by a cloud of flame (16 damage)
             ... on level 2 of the Dungeon.
             The game lasted 00:02:38 (1129 turns).

Gorglomux the Skirmisher (Hill Orc Abyssal Knight)  Turns: 1129, Time: 00:02:39

Health: -8/31      AC:  6    Str: 15    XL:     3   Next: 8%
Magic:  1/5        EV: 11    Int: 12    God:    Lugonu [**....]
Gold:   75         SH:  0    Dex: 10    Spells: 2/2 levels left

rFire    . . .     SeeInvis .   a - +1 hand axe
rCold    . . .     Gourm    .   b - +0 leather armour
rNeg     . . .     Faith    .   (no shield)
rPois    .         Spirit   .   (no helmet)
rElec    .         Reflect  .   (no cloak)
rCorr    .         Harm     .   (no gloves)
MR       .....                  r - +0 pair of boots
Stlth    +.........             (no amulet)
Regen    0.1/turn               (no ring)
MPRegen  0.1/turn               n - +2 ring of protection

@: no status effects
A: no striking features
a: Depart the Abyss, Bend Space, Renounce Religion


You were on level 2 of the Dungeon.
You worshipped Lugonu.
Lugonu was pleased with you.
You were not hungry.

You visited 1 branch of the dungeon, and saw 2 of its levels.
You visited the Abyss 1 time.

You collected 75 gold pieces.

Inventory:

Hand Weapons
 a - a +1 hand axe (weapon)
Armour
 b - a +0 leather armour (worn)
 r - a +0 pair of boots (worn)
Jewellery
 n - a +2 ring of protection (left hand)
Scrolls
 e - 2 scrolls of amnesia {unknown}
 g - a scroll of teleportation {unknown}
 i - a scroll of remove curse {unknown}
 j - a scroll of enchant armour {unknown}
 k - a scroll of enchant weapon {unknown}
 m - 2 scrolls of identify {unknown}
 p - a scroll of fog {unknown}
Potions
 f - 2 potions of resistance {unknown}
 o - a potion of heal wounds {unknown}
 q - a potion of magic {unknown}
Comestibles
 c - a bread ration
 h - 2 royal jellies


   Skills:
 - Level 3.6 Fighting
 + Level 3.6 Axes
 - Level 2.1 Armour
 - Level 0.7 Dodging
 + Level 3.6 Invocations


You had 2 spell levels left.
You didn't know any spells.

Dungeon Overview and Level Annotations

Branches:
Dungeon (2/15)

Altars:


Message History

h - 2 royal jellies (gained 1)
You now have 75 gold pieces (gained 7).
You see here a dagger.
A rat comes into view.
Found four items.
Really walk into a travel-excluded area?
The rat twitches its whiskers.
Found 8 gold pieces.
Space bends around you!
You blink.
Really walk into a travel-excluded area?
Space bends around you!
You blink.
Found 13 gold pieces and a glowing emerald potion.
Really walk into a travel-excluded area?
Space bends around you!
You blink.
You are engulfed in blazing flames.
Ouch! That really hurt!
* * * LOW HITPOINT WARNING * * *
Found a royal jelly.
Space bends around you!
You blink.
You are engulfed in blazing flames.
Ouch! That really hurt!
You die...

.......## ........# #§§§#
........######...##
..........§§§r.[..§
#######..§§§§.....§ #
#.#.§§§.?=$.§ #. ..#
#.######...## ###.## #..
#######.## #§§§# #..... #.#<.
.........# #§§@# ....# #.#..
........## #§§§# #...#.#.#.#
........### #...######...#.#.#..
..........# #####..#.#...+......
...)......# #..#.....###....
..........# ######..##.#....#....
..........# #.......##.#.##.#....
..........# #.............#.#..##
..........###.....#####...#....##


You could see a rat.

Vanquished Creatures
  An ooze (D:1)
  A dart slug (D:1)
  A goblin (D:1)
  A hobgoblin (D:1)
  3 jackals (D:2)
  A bat (D:1)
  7 kobolds
  3 rats
18 creatures vanquished.

Notes
Turn   | Place    | Note
-------+----------+-------------------------------------------
     0 | Abyss:1  | Gorglomux the Hill Orc Abyssal Knight began the quest for the Orb.
     0 | Abyss:1  | Reached XP level 1. HP: 19/19 MP: 2/2
    10 | Abyss:1  | Found a corrupted altar of Lugonu.
   120 | Abyss:1  | Found a corrupted altar of Lugonu.
   130 | Abyss:1  | Noticed an ancient zyme
   131 | Abyss:1  | Noticed an ancient zyme
   143 | D:1      | Escaped the Abyss
   168 | D:1      | Reached skill level 3 in Axes
   390 | D:1      | Reached XP level 2. HP: 25/26 MP: 4/4
   397 | D:1      | Reached skill level 3 in Invocations
   986 | D:2      | Reached XP level 3. HP: 30/31 MP: 5/5
  1078 | D:2      | Reached ** piety under Lugonu
  1129 | D:2      | Engulfed by a cloud of flame

Vault maps used:
D:1:      dpeg_arrival_houses_and_road, minivault_4
D:2:      minivault_19, lemuel_flame_loot_1, uniq_sigmund, uniq_iyjb

Skill      XL: |  1  2 |
---------------+-------+-----
Axes           | 3 |  3.6
Invocations    | 3 |  3.6
Fighting       | |  3.6
Armour         | |  2.1
Dodging        | |  0.7

Action                   || total
-------------------------++-------
Melee: Hand axe          ||    50
Invok: Bend Space        ||     4
  Eat: Chunk             ||     1
Armor: Leather armour    ||    11
Dodge: Dodged            ||    31
